 Dungeon Sprint DCSS version 0.17-a0-2147-gfb20a63 (webtiles) character file.

21225 Kidiri the Unseen (level 12, -5/58 HPs)
             Began as a Spriggan Enchanter on Oct 24, 2015.
             Was the Champion of Dithmenos.
             Slain by a greater naga
             ... wielding a +0 spear
              (16 damage)
             ... in the Dungeon (Sprint III: "The Ten Rune Challenge").
             The game lasted 00:21:19 (4792 turns).

Kidiri the Unseen (Spriggan Enchanter)              Turns: 4792, Time: 00:21:20

Health: -5/58      AC:  5    Str:  4    XL:     12   Next: 52%
Magic:  25/34      EV: 31    Int: 19    God:    Dithmenos [******]
Gold:   37         SH:  0    Dex: 19    Spells: 10 memorised, 11 levels left

rFire  . . .     SeeInvis +     a - +1 dagger
rCold  . . .     Clarity  .     b - +1 robe
rNeg   . . .     SustAt   .     (shield restricted)
rPois  .         Gourm    .     (helmet restricted)
rElec  .         Spirit   .     m - +0 cloak
rCorr  .         Warding  .     (gloves unavailable)
rMut   .         NoTele   +     (boots unavailable)
MR     ++...                    (no amulet)
Stlth  ++++++++++               (no ring)
                                (no ring)

@: lethally poisoned (-5 -> -6), wreathed by umbra, constricted, very quick,
very resistant to hostile enchantments, uncannily stealthy
A: unfitting armour, hooves 1, rugged brown scales 1, see invisible, herbivore
3, speed 3, frail 1, high mp 1, slow metabolism 2
a: Shadow Step, Shadow Form, Renounce Religion


You were in the Dungeon.
You worshipped Dithmenos.
Dithmenos was exalted by your worship.
You were not hungry.

You visited 1 branch You collected 37 gold pieces.

Inventory:

Hand Weapons
 a - a +1 dagger (weapon)
Missiles
 d - 10 throwing nets (quivered)
Armour
 b - a +1 robe (worn)
 m - a +0 cloak (worn)
Scrolls
 j - a scroll of blinking
 l - a scroll of identify
 o - a scroll of holy word
 p - 3 scrolls of remove curse
 t - a scroll of torment
Potions
 e - a potion of curing
 g - a potion of haste
 h - 2 potions of magic
 i - a potion of berserk rage
 k - a potion of might
 r - 3 potions of cure mutation
 s - 3 potions of flight
Comestibles
 c - 6 fruits
 q - 30 royal jellies


   Skills:
 + Level 7.3 Fighting
 * Level 13.5 Short Blades
 + Level 6.7 Armour
 * Level 16.9 Dodging
 * Level 18.3 Stealth
 * Level 14.5 Spellcasting
 + Level 6.5 Conjurations
 + Level 10.8 Hexes
 + Level 10.2 Transmutations
 + Level 7.0 Ice Magic
 + Level 7.4 Earth Magic
 - Level 2.6 Invocations


You had 11 spell levels left.
You knew the following spells:

 Your Spells              Type           Power        Failure   Level  Hunger
a - Corona                Hex            ######.      1%          1    None
b - Ensorcelled Hibernat  Hex/Ice        #####.       1%          2    None
c - Confuse               Hex            ######..     1%          3    None
d - Tukima's Dance        Hex            ######..     1%          3    None
e - Dazzling Spray        Conj/Hex       #####...     1%          3    None
f - Stoneskin             Trmt/Erth      #####...     1%          2    None
g - Stone Arrow           Conj/Erth      #####.       1%          3    None
h - Passwall              Trmt/Erth      #####.....   1%          3    None
i - Petrify               Trmt/Erth      #####...     1%          4    None
j - Lee's Rapid Deconstr  Erth           #####.....   8%          5    ####...


Dungeon Overview and Level Annotations

Branches:
Dungeon (1/1)

Altars:
Cheibriados
Dithmenos
Elyvilon
Fedhas
Gozag
Kikubaaqudgha
Makhleb
Nemelex Xobeh
Okawaru
Qazlal
Ru
Sif Muna
Trog
Vehumet
Xom
Yredelemnul
Zin
The Shining One
Jiyva
Lugonu

Shops:
D [%:?[


Innate Abilities, Weirdness & Mutations

You are tiny and cannot use many weapons and most armour.
You have supernaturally acute eyesight.
You are a herbivore.
You cover ground extremely quickly.
You need consume almost no food.
You have large cloven feet.
You are partially covered in rugged brown scales (AC +1, +3% HP).
You are frail (-10% HP).
You have an increased reservoir of magic (+10% MP).


Message History

You hit the greater naga but do no damage.
The greater naga is moderately wounded.
Your shadow hits the greater naga with a dagger.
Unknown command.
Your attempt to break free from the greater naga fails, but you feel that another attempt might succeed.
The greater naga spits poison at you. The splash of poison misses you.
* * * LOW HITPOINT WARNING * * *
The greater naga constricts you.
Unknown command.
Drink which item? (? for menu, Esc to quit)
You feel much better.
You feel sick.
The greater naga hits you with a spear!!
* * * LOW HITPOINT WARNING * * *
You emit a cloud of dark smoke.
* * * LOW HITPOINT WARNING * * *
The greater naga constricts you.
Your attempt to break free from the greater naga fails, but you feel that another attempt might succeed.
The greater naga hits you with a spear!
You die...

JJ.#≈≈≈≈..........♣
♣.....##..... +#
###########'#############+####
#......†....###.♣♣
#............##♣.♣
###########..# ♣.♣♣
##.§§§§%.....# ♣♣.♣
#.§§§§§.....## ♣.♣♣
#§†########## ♣.♣♣
#.§@N§....†.## ♣..♣
##§§§§...†...# ♣♣.♣♣
##########..# ♣♣.♣
##..).N(.....# ♣♣..♣
#∩...)†N....## ♣.≈≈.
#∩.########## ♣..≈. # ♣.♣..
♣♣♣♣♣


You could see a greater naga.

Vanquished Creatures
  Rupert (D)
  Maud (D)
  3 fire dragons (D)
  Erolcha (D)
  2 anacondas (D)
  2 hydras (D)
  4 death yaks (D)
  A death drake (D)
  A spriggan druid (D)
  A lindwurm (D)
  6 black mambas (D)
  2 spiny frogs (D)
  A komodo dragon (D)
  A fire drake (D)
  A deep elf priest (D)
  A queen bee (D)
  3 wandering mushrooms (D)
  8 blink frogs (D)
  4 redbacks (D)
  2 spriggans (D)
  2 trapdoor spiders (D)
  A shadow (D)
  2 hill giants (D)
  A spatial vortex (D)
  3 water moccasins (D)
  2 nagas (D)
  A necrophage (D)
  A swamp drake (D)
  2 brain worms (D)
  3 two-headed ogres (D)
  A water elemental (D)
  An electric eel (D)
  32 killer bees (D)
  A wizard (D)
  A jelly (D)
  Crazy Yiuf (D)
  Jessica (D)
  A necromancer (D)
  3 humans (D)
  A kobold demonologist (D)
  5 adders (D)
  An ooze (D)
  2 rats (D)
  A plant (D)
116 creatures vanquished.

Vanquished Creatures (others)
  2 draconian scorchers (D)
  A hydra (D)
  2 dancing weapons (D)
  3 yaktaurs (D)
  2 fire drakes (D)
  9 plants (D)
19 creatures vanquished.

Grand Total: 135 creatures vanquished

Notes
Turn   | Place    | Note
--------------------------------------------------------------
     0 | D        | Kidiri the Spriggan Enchanter began the quest for the Orb.
     0 | D        | Reached XP level 1. HP: 9/9 MP: 5/5
    12 | D        | Noticed Jessica
    17 | D        | Killed Jessica
    17 | D        | Reached skill level 1 in Fighting
    17 | D        | Reached skill level 1 in Armour
    17 | D        | Reached skill level 5 in Stealth
    17 | D        | Reached XP level 2. HP: 11/14 MP: 6/8
    17 | D        | Reached XP level 3. HP: 14/18 MP: 6/9
    21 | D        | Learned a level 2 spell: Ensorcelled Hibernation
    25 | D        | Learned a level 3 spell: Confuse
    29 | D        | Learned a level 3 spell: Dazzling Spray
    77 | D        | Killed a yaktaur
   101 | D        | Killed a six-headed hydra
   115 | D        | Reached skill level 5 in Dodging
   115 | D        | Reached skill level 6 in Stealth
   186 | D        | Killed a yaktaur
   271 | D        | Killed a white draconian scorcher
   273 | D        | Killed a white draconian scorcher
   278 | D        | Noticed Crazy Yiuf
   342 | D        | Killed Crazy Yiuf
   342 | D        | Reached XP level 4. HP: 16/23 MP: 8/11
   354 | D        | Learned a level 3 spell: Tukima's Dance
   459 | D        | Gained mutation: Your spells are a little harder to cast, but a little more powerful. [potion of mutation]
   459 | D        | Lost mutation: Your spells are a little harder to cast, but a little more powerful. [potion of mutation]
   459 | D        | Gained mutation: You are partially covered in rugged brown scales (AC +1, +3% HP). [potion of mutation]
   460 | D        | Gained mutation: You have an increased reservoir of magic (+10% MP). [potion of mutation]
   460 | D        | Gained mutation: You are frail (-10% HP). [potion of mutation]
   460 | D        | Gained mutation: You have large cloven feet. [potion of mutation]
   469 | D        | Killed a fire drake
   499 | D        | Noticed a water elemental
   501 | D        | Killed a water elemental
   501 | D        | Reached skill level 7 in Stealth
   501 | D        | Reached skill level 5 in Spellcasting
   501 | D        | Reached skill level 1 in Conjurations
   501 | D        | Reached skill level 1 in Ice Magic
   511 | D        | Noticed a jelly
   512 | D        | Noticed a shadow
   552 | D        | Killed a shadow
   552 | D        | Reached skill level 5 in Short Blades
   552 | D        | Reached skill level 8 in Stealth
   552 | D        | Reached skill level 5 in Hexes
   552 | D        | Reached XP level 5. HP: 11/25 MP: 0/16
   552 | D        | Reached XP level 6. HP: 12/29 MP: 0/18
   795 | D        | Killed a jelly
   795 | D        | Reached skill level 9 in Stealth
   809 | D        | Found a stormy altar of Qazlal.
   810 | D        | Found a sacrificial altar of Ru.
   810 | D        | Found a burning altar of Makhleb.
   810 | D        | Found a viscous altar of Jiyva.
   810 | D        | Found a shimmering altar of Xom.
   810 | D        | Found a shadowy altar of Dithmenos.
   810 | D        | Found a sparkling altar of Nemelex Xobeh.
   810 | D        | Found a corrupted altar of Lugonu.
   810 | D        | Found an opulent altar of Gozag.
   810 | D        | Noticed a spatial vortex
   814 | D        | Became a worshipper of Dithmenos the Shadowed
  1156 | D        | Killed a fire drake
  1292 | D        | Killed a spatial vortex
  1292 | D        | Reached skill level 1 in Invocations
  1420 | D        | Found a radiant altar of Vehumet.
  1421 | D        | Found a deep blue altar of Sif Muna.
  1421 | D        | Found an ancient bone altar of Kikubaaqudgha.
  1421 | D        | Noticed a wizard
  1422 | D        | Killed a wizard
  1434 | D        | Learned a level 2 spell: Stoneskin
  1438 | D        | Learned a level 3 spell: Stone Arrow
  1442 | D        | Learned a level 3 spell: Passwall
  1451 | D        | Found a glowing silver altar of Zin.
  1452 | D        | Found a glowing golden altar of the Shining One.
  1452 | D        | Found a white marble altar of Elyvilon.
  1452 | D        | Noticed a deep elf priest
  1454 | D        | Killed a deep elf priest
  1454 | D        | Reached * piety under Dithmenos
  1454 | D        | Reached skill level 10 in Stealth
  1454 | D        | Reached skill level 1 in Transmutations
  1454 | D        | Reached skill level 1 in Earth Magic
  1454 | D        | Reached XP level 7. HP: 33/33 MP: 21/21
  1465 | D        | Found an iron altar of Okawaru.
  1466 | D        | Found a bloodstained altar of Trog.
  1466 | D        | Noticed a human
  1466 | D        | Noticed a human
  1470 | D        | Killed a human
  1472 | D        | Killed a human
  1472 | D        | Reached skill level 10 in Dodging
  1472 | D        | Reached skill level 11 in Stealth
  1509 | D        | Found a snail-covered altar of Cheibriados.
  1509 | D        | Noticed a necrophage
  1511 | D        | Noticed a necromancer
  1514 | D        | Found a basalt altar of Yredelemnul.
  1514 | D        | Found a blossoming altar of Fedhas.
  1519 | D        | Killed a necromancer
  1519 | D        | Reached ** piety under Dithmenos
  1521 | D        | Killed a necrophage
  1521 | D        | Reached XP level 8. HP: 39/39 MP: 10/23
  1534 | D        | Learned a level 4 spell: Petrify
  1658 | D        | Noticed a two-headed ogre
  1658 | D        | Noticed a two-headed ogre
  1662 | D        | Killed a two-headed ogre
  1664 | D        | Killed a two-headed ogre
  1667 | D        | Noticed a two-headed ogre
  1668 | D        | Killed a two-headed ogre
  1673 | D        | Noticed a hill giant
  1676 | D        | Killed a hill giant
  1676 | D        | Reached *** piety under Dithmenos
  1684 | D        | Killed a yaktaur
  1749 | D        | Noticed a hill giant
  1749 | D        | Noticed Erolcha
  1751 | D        | Killed Erolcha
  1751 | D        | Reached skill level 12 in Stealth
  1751 | D        | Reached XP level 9. HP: 42/42 MP: 24/26
  1752 | D        | Killed a hill giant
  1762 | D        | Noticed a redback
  1767 | D        | Killed a redback
  1767 | D        | Reached **** piety under Dithmenos
  1767 | D        | Reached skill level 10 in Spellcasting
  1767 | D        | Reached skill level 5 in Transmutations
  1769 | D        | Noticed a trapdoor spider
  1790 | D        | Killed a trapdoor spider
  1790 | D        | Reached skill level 13 in Stealth
  1835 | D        | Noticed a trapdoor spider
  1839 | D        | Killed a trapdoor spider
  1926 | D        | Noticed a killer bee
  1926 | D        | Noticed a killer bee
  1926 | D        | Noticed a killer bee
  1927 | D        | Noticed a killer bee
  1927 | D        | Noticed a killer bee
  1927 | D        | Noticed a killer bee
  1927 | D        | Noticed a killer bee
  1927 | D        | Noticed a killer bee
  1927 | D        | Noticed a killer bee
  1927 | D        | Noticed a killer bee
  1927 | D        | Noticed a killer bee
  1927 | D        | Noticed a killer bee
  1927 | D        | Noticed a killer bee
  1927 | D        | Noticed a killer bee
  1927 | D        | Noticed a killer bee
  1927 | D        | Noticed a killer bee
  1927 | D        | Noticed a killer bee
  1927 | D        | Noticed a killer bee
  1927 | D        | Noticed a killer bee
  1927 | D        | Noticed a killer bee
  1927 | D        | Noticed a killer bee
  1927 | D        | Noticed a killer bee
  1927 | D        | Noticed a killer bee
  1927 | D        | Noticed a killer bee
  1927 | D        | Noticed a killer bee
  1927 | D        | Noticed a killer bee
  1927 | D        | Noticed a killer bee
  1927 | D        | Noticed a killer bee
  1927 | D        | Noticed a killer bee
  1927 | D        | Noticed a queen bee
  1927 | D        | Noticed a killer bee
  1927 | D        | Noticed a killer bee
  1927 | D        | Noticed a killer bee
  1928 | D        | Killed a killer bee
  1933 | D        | Killed a killer bee
  1936 | D        | Killed a killer bee
  1938 | D        | Killed a killer bee
  1940 | D        | Killed a killer bee
  1940 | D        | Reached ***** piety under Dithmenos
  1942 | D        | Killed a killer bee
  1944 | D        | Killed a killer bee
  1946 | D        | Killed a killer bee
  1949 | D        | Killed a killer bee
  1951 | D        | Killed a killer bee
  1954 | D        | Killed a killer bee
  2144 | D        | Killed a killer bee
  2147 | D        | Killed a killer bee
  2149 | D        | Killed a killer bee
  2151 | D        | Killed a killer bee
  2157 | D        | Killed a killer bee
  2159 | D        | Killed a killer bee
  2163 | D        | Killed a killer bee
  2313 | D        | Killed a killer bee
  2319 | D        | Killed a killer bee
  2322 | D        | Killed a killer bee
  2326 | D        | Killed a killer bee
  2326 | D        | Reached ****** piety under Dithmenos
  2328 | D        | Killed a killer bee
  2332 | D        | Killed a killer bee
  2332 | D        | Reached skill level 5 in Fighting
  2334 | D        | Killed a killer bee
  2336 | D        | Killed a killer bee
  2535 | D        | Killed a killer bee
  2539 | D        | Killed a killer bee
  2539 | D        | Reached XP level 10. HP: 47/47 MP: 21/28
  2542 | D        | Killed a killer bee
  2546 | D        | Killed a killer bee
  2546 | D        | Reached skill level 10 in Short Blades
  2550 | D        | Killed a killer bee
  2552 | D        | Killed a killer bee
  2552 | D        | Reached skill level 14 in Stealth
  2555 | D        | Killed a queen bee
  2718 | D        | Noticed a wandering mushroom
  2719 | D        | Noticed a wandering mushroom
  2719 | D        | Noticed a wandering mushroom
  2720 | D        | Killed a wandering mushroom
  2731 | D        | Killed a wandering mushroom
  2742 | D        | Killed a wandering mushroom
  2867 | D        | Learned a level 5 spell: Lee's Rapid Deconstruction
  2873 | D        | Noticed a spiny frog
  2873 | D        | Noticed a komodo dragon
  2873 | D        | Noticed a spiny frog
  2876 | D        | Killed a spiny frog
  2878 | D        | Killed a spiny frog
  2878 | D        | Reached skill level 5 in Armour
  2881 | D        | Killed a komodo dragon
  2881 | D        | Reached skill level 5 in Ice Magic
  2921 | D        | Noticed a redback
  2923 | D        | Killed a redback
  2924 | D        | Noticed a brain worm
  2927 | D        | Killed a brain worm
  2930 | D        | Noticed a brain worm
  2938 | D        | Killed a brain worm
  2938 | D        | Reached skill level 5 in Earth Magic
  2943 | D        | Noticed a lindwurm
  2945 | D        | Noticed a redback
  2946 | D        | Killed a lindwurm
  2948 | D        | Killed a redback
  2948 | D        | Reached skill level 15 in Stealth
  2952 | D        | Noticed a redback
  2953 | D        | Killed a redback
  2954 | D        | Noticed Maud
  2956 | D        | Killed Maud
  2956 | D        | Reached skill level 5 in Conjurations
  2956 | D        | Reached XP level 11. HP: 50/52 MP: 27/30
  2969 | D        | Noticed an electric eel
  2970 | D        | Noticed a five-headed hydra
  2970 | D        | Noticed a five-headed hydra
  2971 | D        | Killed an electric eel
  2973 | D        | Killed a five-headed hydra
  2974 | D        | Killed a five-headed hydra
  3015 | D        | Noticed a death drake
  3018 | D        | Killed a death drake
  3018 | D        | Reached skill level 16 in Stealth
  3025 | D        | Found a blossoming altar of Fedhas.
  3025 | D        | Noticed a spriggan
  3025 | D        | Noticed a spriggan druid
  3025 | D        | Noticed a spriggan
  3027 | D        | Killed a spriggan druid
  3028 | D        | Killed a spriggan
  3029 | D        | Killed a spriggan
  3056 | D        | Noticed a fire dragon
  3057 | D        | Noticed a fire dragon
  3060 | D        | Found Moukhoad's Book Emporium.
  3060 | D        | Found Zoucril's Magic Scroll Shop.
  3060 | D        | Found Foegot's Antique Armour Shoppe.
  3060 | D        | Noticed a fire dragon
  3100 | D        | Killed a fire dragon
  3100 | D        | Reached skill level 15 in Dodging
  3127 | D        | Killed a fire dragon
  3428 | D        | Killed a fire dragon
  3519 | D        | Noticed a swamp drake
  3519 | D        | Noticed a fire drake
  3520 | D        | Killed a fire drake
  3522 | D        | Killed a swamp drake
  3530 | D        | Noticed a blink frog
  3530 | D        | Noticed a blink frog
  3531 | D        | Noticed a blink frog
  3531 | D        | Noticed a blink frog
  3531 | D        | Noticed a blink frog
  3532 | D        | Killed a blink frog
  3534 | D        | Killed a blink frog
  3536 | D        | Killed a blink frog
  3539 | D        | Killed a blink frog
  3541 | D        | Killed a blink frog
  3629 | D        | Noticed Rupert
  3795 | D        | Killed Rupert
  3795 | D        | Reached skill level 17 in Stealth
  3795 | D        | Reached skill level 10 in Hexes
  3953 | D        | Noticed a death yak
  3954 | D        | Noticed a death yak
  3954 | D        | Noticed a blink frog
  3955 | D        | Noticed an azure jelly
  3955 | D        | Noticed a death yak
  3955 | D        | Noticed an azure jelly
  3955 | D        | Noticed a blink frog
  3955 | D        | Noticed a death yak
  3956 | D        | Killed a death yak
  3962 | D        | Noticed a blink frog
  4128 | D        | Noticed a black mamba
  4131 | D        | Killed a blink frog
  4143 | D        | Killed a black mamba
  4143 | D        | Reached XP level 12. HP: 57/57 MP: 30/33
  4144 | D        | Noticed a black mamba
  4152 | D        | Killed a black mamba
  4160 | D        | Killed a death yak
  4175 | D        | Killed a blink frog
  4187 | D        | Noticed an azure jelly
  4187 | D        | Noticed an azure jelly
  4191 | D        | Killed a death yak
  4196 | D        | Killed a blink frog
  4203 | D        | Killed a death yak
  4555 | D        | Noticed an anaconda
  4555 | D        | Noticed a black mamba
  4556 | D        | Noticed a water moccasin
  4557 | D        | Killed a black mamba
  4559 | D        | Killed an anaconda
  4559 | D        | Reached skill level 18 in Stealth
  4562 | D        | Killed a water moccasin
  4579 | D        | Noticed a black mamba
  4579 | D        | Noticed a water moccasin
  4581 | D        | Killed a black mamba
  4581 | D        | Reached skill level 10 in Transmutations
  4582 | D        | Killed a water moccasin
  4605 | D        | Noticed a water moccasin
  4605 | D        | Noticed a black mamba
  4605 | D        | Noticed a black mamba
  4605 | D        | Noticed an anaconda
  4618 | D        | Killed a black mamba
  4624 | D        | Killed a black mamba
  4670 | D        | Killed a water moccasin
  4672 | D        | Killed an anaconda
  4720 | D        | Noticed a naga
  4720 | D        | Noticed a naga
  4721 | D        | Noticed a naga warrior
  4721 | D        | Noticed a greater naga
  4721 | D        | Found Pigroin's Antique Armour Boutique.
  4721 | D        | Found Esaenai's Food Emporium.
  4722 | D        | Killed a naga
  4728 | D        | Killed a naga
  4792 | D        | Slain by a greater naga

Vault maps used:
D:        dungeon_sprint_mu

Action                   |  1- 3 |  4- 6 |  7- 9 | 10-12 || total
-------------------------+-------+-------+-------+-------++-------
Melee: Dagger            |    20 |    24 |    62 |   192 ||   298
 Cast: Ensorcelled Hiber |     3 |     1 |    54 |    43 ||   101
       Corona            |     3 |       |       |       ||     3
       Dazzling Spray    |       |    23 |     1 |    27 ||    51
       Confuse           |       |       |     4 |     7 ||    11
       Tukima's Dance    |       |       |       |    11 ||    11
       Stone Arrow       |       |       |       |     4 ||     4
       Stoneskin         |       |       |       |     1 ||     1
Invok: Shadow Step       |       |       |     3 |    15 ||    18
  Use: Potion            |       |     3 |       |     2 ||     5
       Scroll            |       |     3 |       |       ||     3
 Stab: Sleeping          |     5 |     5 |    37 |    49 ||    96
       Confused          |       |       |     3 |     2 ||     5
       Held in net/web   |       |       |     2 |       ||     2
       Invisible         |       |       |       |     7 ||     7
       Distracted        |       |       |       |     1 ||     1
  Eat: Bread ration      |       |       |     1 |       ||     1
